 Dungeon Crawl Stone Soup version 0.30-a0-634-g8abc85282e (webtiles) character file.

Game seed: 6246304657749683521

1798 bmack86 the Cleaver (level 8, 0/71 HPs)
             Began as a Minotaur Fighter on Jan 15, 2023.
             Slain by Eustachio
             ... wielding a +0 rapier
              (5 damage)
             ... on level 6 of the Dungeon.
             The game lasted 00:16:55 (6241 turns).

bmack86 the Cleaver (Minotaur Fighter)              Turns: 6241, Time: 00:16:56

Health: 0/71       AC: 13    Str: 23    XL:     8   Next: 83%
Magic:  7/7        EV:  3    Int:  5    God:
Gold:   177        SH:  5    Dex: 10    Spells: 7/7 levels left

rFire   . . .      SeeInvis .    a - +1 war axe
rCold   . . .      Faith    .    c - +0 buckler
rNeg    . . .      Spirit   .    g - +0 plate armour
rPois   .          Reflect  .    (helmet restricted)
rElec   .          Harm     .    (no cloak)
rCorr   .          Rampage  .    (no gloves)
Will    .....                    (no boots) Stlth
                                 (no amulet)
HPRegen 0.31/turn                (no ring)
MPRegen 0.10/turn                (no ring)

@: grasped by roots, constricted
A: horns 2, retaliatory headbutt
a: no special abilities


You were on level 6 of the Dungeon.
You visited 2 branches of the dungeon, and saw 7 of its levels.
You also visited: Sewer.

You collected 177 gold pieces.

Inventory:

Hand Weapons
 a - a +1 war axe (weapon)
Missiles
 k - 6 javelins (quivered)
Armour
 c - a +0 buckler (worn)
 g - a +0 plate armour (worn)
Wands
 r - a wand of light (12)
Scrolls
 e - a scroll of vulnerability {unknown}
 h - a scroll of fear
 i - 2 scrolls of teleportation
 l - a scroll of noise
 m - a scroll of silence {unknown}
 o - 2 scrolls of enchant weapon
 s - a scroll of poison {unknown}
 u - a scroll of enchant armour {unknown}
 v - a scroll of acquirement {unknown}
 x - a scroll of immolation {unknown}
 y - a scroll of blinking {unknown}
Potions
 b - 2 potions of cancellation
 d - 2 potions of attraction {unknown}
 f - a potion of resistance
 j - 3 potions of mutation
 n - 4 potions of curing
 p - a potion of haste
 q - a potion of magic {unknown}
 t - a potion of heal wounds {unknown}
 w - a potion of flight {unknown}
 z - a potion of brilliance {unknown}


   Skills:
 + Level 6.8 Fighting
 * Level 8.3 Axes
 + Level 4.2 Throwing
 + Level 6.6 Armour
 + Level 6.6 Shields


You had 7 spell levels left.
You didn't know any spells.
Your spell library was empty.

Dungeon Overview and Level Annotations

Branches:
Dungeon (6/15)             Temple (1/1) D:6           Sewer (visited)

Altars:
Ashenzari
Cheibriados
Dithmenos
Elyvilon
Fedhas
Gozag
Makhleb
Nemelex Xobeh
Ru
Trog
Uskayaw
The Shining One

Shops:
D:1 :   D:5 *(?(

Annotations:
D:3 1 runed translucent door, Crazy Yiuf
D:6 Eustachio


Innate Abilities, Weirdness & Mutations

You have a pair of horns on your head.
You reflexively headbutt those who attack you in melee.


Message History

Eustachio is heavily wounded.
You hit the river rat. Eustachio hits you with a +0 rapier.
* * * LOW HITPOINT WARNING * * *
The river rat closely misses you. You furiously retaliate!
You headbutt the river rat.
You kill the river rat!
The river rat's corpse disappears in a puff of smoke!
Eustachio mumbles some strange words.
You closely miss Eustachio.
Eustachio is heavily wounded.
You hit the iron imp but do no damage.
Eustachio says, "Summoning is fun!"
Eustachio zaps a wand.
The roots erupt in riotous growth!
The grasping roots grab you!
Eustachio is unaffected.
The iron imp is unaffected.
The grasping roots constrict you.
You hit Eustachio. Your headbutt misses Eustachio.
Eustachio is heavily wounded.
You slash the iron imp! The iron imp hits you!
* * * LOW HITPOINT WARNING * * *
Eustachio hits you but does no damage. The grasping roots constrict you.
* * * LOW HITPOINT WARNING * * *
You hit Eustachio.
Eustachio is severely wounded.
You closely miss the ufetubus. You barely miss the iron imp.
The ufetubus hits you.
* * * LOW HITPOINT WARNING * * *
The ufetubus hits you but does no damage.
The iron imp hits you but does no damage.
Eustachio hits you but does no damage. The grasping roots constrict you.
* * * LOW HITPOINT WARNING * * *
The ufetubus hits you but does no damage.
You block the ufetubus's attack.
You hit Eustachio.
Eustachio is severely wounded.
You slash the ufetubus!
You kill the ufetubus!
The ufetubus disappears in a puff of smoke!
You hit the iron imp. Eustachio hits you with a +0 rapier.
You die...

###(.# *,,,* ##
##..,.# *,P.#
.###..##.# #...#
..#......# #...#
#........# #.#.#
#>.8.8.8.# #.#.#
#...⌠.⌠..# #.#.#
#..8.>.8.# #.#.#
#...⌠.⌠..# #.@@#
...8.8.8.# #.§5#
.........# ##.##
..#.#.##.# ##.#
..#.#.##.# ##..#
#.#.#.##.####..##
#.#.#.#.......##
..#.#.#..#.####
....#.#..#.#


You could see Eustachio and an iron imp (summoned).

Vanquished Creatures
  Prince Ribbit (D:6)
  Grinder (D:6)
  Edmund (D:5)
  3 black bears
  An ogre (D:5)
  A bullfrog (D:4)
  A scorpion (D:5)
  A jelly (D:5)
  3 hounds
  2 gnoll boudas
  5 iguanas
  An orc wizard (D:6)
  15 adders
  16 gnolls
  5 river rats (Sewer)
  2 ufetubi (D:5)
  5 dart slugs
  2 worms
  12 orcs
  8 ball pythons
  5 bats
  12 endoplasms
  4 giant cockroaches
  5 goblins
  9 hobgoblins
  5 jackals
  3 quokkas
  10 frilled lizards
  10 kobolds
  33 rats
182 creatures vanquished.

Vanquished Creatures (others)
  22 plants (Sewer)
22 creatures vanquished.

Grand Total: 204 creatures vanquished

Notes
Turn   | Place    | Note
-------+----------+-------------------------------------------
     0 | D:1      | bmack86 the Minotaur Fighter began the quest for the Orb.
     0 | D:1      | Reached XP level 1. HP: 19/19 MP: 0/0
   159 | D:1      | Reached XP level 2. HP: 23/27 MP: 1/1
   185 | D:1      | Found Castoe's Book Boutique.
   193 | D:1      | Reached skill level 3 in Axes
   408 | D:1      | Reached XP level 3. HP: 32/33 MP: 2/2
   976 | D:2      | Found a faded altar of an unknown god.
   983 | D:2      | Reached XP level 4. HP: 40/40 MP: 3/3
  1584 | D:2      | Reached skill level 4 in Axes
  1829 | D:3      | Reached skill level 1 in Throwing
  1832 | D:3      | Reached XP level 5. HP: 28/47 MP: 4/4
  2135 | D:3      | Found a glowing drain.
  2154 | Sewer    | Entered a sewer
  3040 | D:3      | Reached XP level 6. HP: 52/55 MP: 5/5
  3344 | D:3      | Found a runed translucent door.
  3345 | D:3      | Noticed Crazy Yiuf
  3535 | D:4      | Reached skill level 5 in Axes
  3697 | D:4      | Reached skill level 5 in Fighting
  4049 | D:4      | Reached skill level 5 in Armour
  4049 | D:4      | Reached skill level 5 in Shields
  4278 | D:4      | Reached XP level 7. HP: 59/61 MP: 6/6
  4375 | D:5      | Entered Level 5 of the Dungeon
  4408 | D:5      | Found Urchigg's Weapon Boutique.
  4452 | D:5      | Reached skill level 6 in Axes
  4534 | D:5      | Noticed Edmund
  4549 | D:5      | Killed Edmund
  4550 | D:5      | Reached XP level 8. HP: 14/70 MP: 7/7
  4761 | D:5      | Found a bloodstained altar of Trog.
  4812 | D:5      | Reached skill level 7 in Axes
  5121 | D:5      | Found Letoc's Magic Scroll Boutique.
  5185 | D:5      | Found Tosabl Etwi's General Store.
  5386 | D:5      | Found Ciex's Weapon Shoppe.
  5578 | D:6      | Noticed Prince Ribbit
  5623 | D:6      | Killed Prince Ribbit
  5827 | D:6      | Found a sacrificial altar of Ru.
  5846 | D:6      | Noticed Grinder
  5857 | D:6      | Found a staircase to the Ecumenical Temple.
  5869 | Temple   | Entered the Ecumenical Temple
  5875 | Temple   | Reached skill level 8 in Axes
  6200 | D:6      | Killed Grinder
  6221 | D:6      | Noticed Eustachio
  6241 | D:6      | Slain by Eustachio

Illustrated notes

Levels and vault maps discovered:
D:1:      mrwooster_arrival_statue_2, layout_basic, serial_shops, shop,
          minmay_ruptured
D:2:      layout_loops_corners, hellmonk_ecumenical_altar_dog_temple,
          minmay_rat_hole
D:3:      layout_loops_corners, cheibrodos_sewer_entry_sluice,
          uniq_crazy_yiuf_cottage
D:4:      layout_basic, saegor_snake_ambush
D:5:      lemuel_ice_spiral_2, layout_basic, trog_butcher_becter, serial_shops,
          kennysheep_mini_moat, nicolae_shop_crystal, shop,
          nicolae_shop_crystal, moated_statue, uniq_edmund
D:6:      layout_basic, fiery_altar_vehumet, mainiacjoe_overflow_boulevard,
          mainiacjoe_overflow_paths, minmay_temple_entry_statues_fountains,
          uniq_grinder, uniq_prince_ribbit1, uniq_eustachio
Temple:   dpeg_chambers_temple

Skill      XL: |  1  2  3  4  5  6  7  8 |
---------------+-------------------------+-----
Axes           | 3 4 5 6 8 |  8.3
Fighting       | 4 5 6 |  6.8
Armour         | 4 5 6 |  6.6
Shields        | 4 5 6 |  6.6
Throwing       | 1 2 3 4 |  4.2

Action                   |  1- 3 |  4- 6 |  7- 9 || total
-------------------------+-------+-------+-------++-------
Melee: War axe           |    97 |   256 |   167 ||   520
       Headbutt          |     9 |    29 |    26 ||    64
  Use: Scroll            |       |     4 |     7 ||    11
       Potion            |       |       |     1 ||     1
Armor: Plate armour      |    82 |   163 |   158 ||   403
       Scale mail        |     8 |       |       ||     8
Dodge: Dodged            |    30 |    77 |    76 ||   183
Block: Buckler           |    29 |    70 |    48 ||   147

Table legend: (Time is in decaauts)
 A = Elapsed time spent in this place.
 B = Non-inter-level travel time spent in this place.
 C = Inter-level travel time spent in this place.
 D = Time resting spent in this place.
 E = Time spent auto-exploring this place.
 F = Levels seen in this place.
 G = Mean time per level.
                   A        B        C        D        E       F      G
               +--------+--------+--------+--------+--------+-----+--------+
         Total |   6573 |   6409 |    164 |    643 |   3516 |   8 |  821.6 |
       Dungeon |   5393 |   5252 |    141 |    570 |   2831 |   6 |  898.8 |
        Temple |    314 |    291 |     23 |     73 |    192 |   1 |  314.0 |
         Sewer |    865 |    865 |      0 |      0 |    492 |   1 |  865.0 |
               +--------+--------+--------+--------+--------+-----+--------+

Top non-repeatable levels by time:
     D:5: 1151 daAuts
     D:2: 1129 daAuts
     D:4: 1036 daAuts
     D:3: 962 daAuts
   Sewer: 865 daAuts
     D:1: 681 daAuts
     D:6: 432 daAuts
  Temple: 314 daAuts
